Get step-by-step instructions on how to execute this build order below. Start the game timer, and the build order will tick by so you can play in parallel with StarCraft on a second screen or mobile device.

Game Time

  0:00

Last Step

  N/A

Next Step

  12  0:00  SCV  

Upcoming Step

  13  0:12  SCV  

Don't want to look back and forth between 2 screens? Try out our Overwolf App, the Spawning Tool Build Advisor to get an in-game overlay with this build!

Complete Build Order

  12  0:00  SCV  
  13  0:12  SCV  
  14  0:17  Supply Depot  
  14  0:24  SCV  
  15  0:38  SCV  
  15  0:39  Barracks  
  16  0:44  Refinery  
  16  0:50  SCV  
  17  1:03  SCV  
  18  1:15  SCV  
  19  1:27  Orbital Command, Reaper  
  20  1:39  Command Center  
  20  1:49  Supply Depot  
  20  1:53  SCV  
  21  1:59  Marine  
  22  2:06  SCV  
  23  2:13  Factory  
  23  2:17  Marine  
  23  2:18  SCV  
  25  2:30  SCV  
  25  2:35  Command Center  
  26  2:37  Barracks Reactor  
  26  2:48  SCV  
  27  2:51  Orbital Command  
  27  2:59  Starport  
  27  3:00  SCV  
  27  3:04  Refinery  
  28  3:12  SCV  
  29  3:17  SCV  
  30  3:21  Barracks Tech Lab  
  30  3:24  SCV, Hellion x2  
  35  3:29  SCV  
  36  3:36  SCV  
  36  3:41  SCV  
  38  3:42  Viking  
  38  3:46  Hellion x2  
  44  3:48  Orbital Command  
  44  3:49  SCV  
  44  3:53  SCV  
  46  3:56  Barracks Tech Lab  
  46  4:02  SCV  
  47  4:05  SCV  
  47  4:06  Supply Depot  
  48  4:10  Hellion x2  
  48  4:14  SCV  
  48  4:15  SCV  
  56  4:17  SCV  
  56  4:20  Marine  
  56  4:22  Stimpack  
  58  4:26  SCV  
  58  4:28  SCV  
  58  4:29  Supply Depot, SCV  
  61  4:36  Banshee  
  62  4:39  Marauder  
  62  4:40  SCV, Bunker  
  65  4:47  SCV  
  65  4:49  Barracks  
  66  4:54  Engineering Bay, Refinery, Barracks, Factory Reactor  
  66  4:55  Engineering Bay, Refinery  
  66  5:00  Marauder  
  66  5:01  SCV  
  66  5:02  SCV  
  69  5:08  Supply Depot  
  69  5:09  Supply Depot  
  68  5:14  Orbital Command  
  68  5:15  SCV  
  68  5:18  SCV  
  68  5:19  Barracks  
  68  5:21  Barracks  
  66  5:32  Terran Infantry Weapons Level 1, Terran Infantry Armor Level 1  
  66  5:33  Starport Reactor  
  66  5:35  SCV x2  
  62  5:40  SCV  
  61  5:47  SCV x2, Command Center  
  63  5:52  SCV, Siege Tank  
  65  5:58  Supply Depot  
  65  5:59  SCV x2  
  67  6:04  SCV  
  67  6:06  Factory  
  67  6:08  Barracks Reactor x2  
  68  6:11  SCV x2, Refinery  
  68  6:12  Refinery  
  68  6:14  Marine  
  68  6:16  SCV, Marine, Medivac x2  
  77  6:20  Marine x3  
  77  6:21  Supply Depot  
  77  6:23  SCV x2  
  77  6:25  Supply Depot, Combat Shield  
  81  6:28  SCV  
  82  6:35  SCV  
  82  6:37  SCV  
  84  6:40  SCV  
  84  6:42  Siege Tank  
  88  6:47  Supply Depot, SCV  
  88  6:48  Supply Depot  
  88  6:49  Armory  
  88  6:51  Barracks  
  88  6:52  Factory Tech Lab  
  88  6:53  SCV x2, Barracks  
  91  6:56  Barracks  
  91  7:00  SCV  
  92  7:05  SCV x2  
  92  7:07  Marauder  
  96  7:08  Supply Depot  
  96  7:12  SCV  
  96  7:14  Medivac  
  96  7:15  Siege Tank x2, Medivac  
  107  7:17  SCV x2  
  109  7:28  SCV, Marauder  
  109  7:29  Planetary Fortress  
  112  7:31  Marine x3  
  112  7:32  SCV  
  112  7:33  Marine x3  
  112  7:35  SCV  
  119  7:39  Barracks Tech Lab  
  119  7:40  Barracks Tech Lab  
  119  7:41  Command Center  
  119  7:43  Missile Turret  
  119  7:44  SCV  
  119  7:46  Barracks Tech Lab  
  119  7:47  Terran Infantry Weapons Level 2  
  119  7:49  SCV  
  119  7:50  SCV  
  119  7:51  Terran Infantry Armor Level 2  
  122  7:54  Siege Tank  
  122  7:58  SCV  
  126  8:01  Siege Tank, Refinery, SCV  
  126  8:02  Refinery  
  126  8:03  SCV  
  131  8:06  Terran Vehicle Weapons Level 1  
  131  8:10  SCV  
  131  8:12  SCV  
  133  8:13  SCV  
  133  8:14  Supply Depot x2, Viking  
  133  8:15  Viking  
  133  8:18  Ghost Academy  
  138  8:20  Marine x2  
  140  8:33  Supply Depot x2  
  140  8:35  Siege Tank, Marine x2  
  140  8:36  Marauder x3  
  140  8:39  Siege Tank, Factory  
  154  8:48  Command Center  
  157  8:59  Drilling Claws  
  157  9:03  Ghost x2  
  161  9:10  Command Center  
  161  9:13  Ghost  
  161  9:14  Viking  
  161  9:15  Viking  
  163  9:17  Ghost, Sensor Tower  
  163  9:23  Siege Tank  
  168  9:28  Factory Reactor  
  168  9:30  Siege Tank  
  165  9:38  Ghost  
  165  9:44  Missile Turret, Ghost  
  165  9:50  Personal Cloaking  
  165  9:53  Command Center  
  165  9:54  Missile Turret  
  165  9:55  Ghost, Missile Turret  
  165  9:59  Concussive Shells  
  167  10:04  Ghost  
  169  10:08  Orbital Command  
  169  10:11  Command Center  
  169  10:14  Widow Mine x2  
  173  10:17  Siege Tank x2  
  179  10:24  Orbital Command  
  179  10:28  Ghost x2  
  181  10:29  Missile Turret  
  181  10:30  Marauder  
  185  10:37  Widow Mine x2  
  185  10:39  Terran Vehicle Weapons Level 2  
  187  10:47  Planetary Fortress  
  186  10:53  Siege Tank  
  155  10:59  Siege Tank  
  155  11:03  Widow Mine x2  
  153  11:06  Orbital Command  
  153  11:07  Marine x2  
  153  11:08  Marine x5  
  153  11:10  Marauder x4  
  168  11:15  Terran Infantry Weapons Level 3  
  168  11:16  SCV x2  
  170  11:23  Planetary Fortress  
  170  11:25  Missile Turret  
  170  11:28  SCV  
  170  11:31  Refinery  
  170  11:32  Missile Turret, Refinery, SCV  
  172  11:33  Missile Turret  
  172  11:35  Siege Tank x2, Widow Mine x2  
  182  11:52  Viking x2  
  182  11:53  Ghost  
  188  11:57  Terran Infantry Armor Level 3  
  188  12:07  Command Center  
  192  12:17  Widow Mine x2  
  192  12:19  Ghost  
  192  12:22  Marauder  
  190  12:27  Nuke  
  184  12:31  Ghost x2  
  184  12:35  Viking x2  
  184  12:37  Infernal Pre-Igniter, Thor  
  186  12:40  Marine x4  
  186  12:41  Marine  
  186  12:42  Marine  
  193  12:56  Ghost x2  
  193  12:58  Marine  
  193  12:59  Ghost  
  196  13:16  Marine  
  196  13:18  Ghost  
  194  13:20  Siege Tank  
  194  13:23  Terran Vehicle Weapons Level 3  
  194  13:24  Ghost, Factory  
  194  13:25  Factory  
  199  13:33  Siege Tank  
  199  14:17  Factory Reactor  
  199  14:18  Factory Tech Lab  
  199  14:21  Hellion  
  199  14:23  Marauder x2  
  193  14:26  Siege Tank  
  190  14:33  Thor  
  190  14:35  Hellion  
  197  14:40  Neosteel Armor  
  197  14:41  Fusion Core, Starport  
  197  14:43  Orbital Command, Hellion  
  197  14:50  Siege Tank  
  197  14:51  Liberator  
  199  15:03  Sensor Tower  
  199  15:04  Missile Turret, Command Center  
  199  15:05  Missile Turret, Command Center  
  199  15:13  Orbital Command  
  188  15:27  Ghost x2  
  171  15:31  Thor x2  
  171  15:32  Thor  
  171  15:33  Advanced Ballistics, Hellion x2  
  171  15:34  Starport Reactor  
  171  15:35  Liberator  
  193  15:42  Smart Servos  
  196  15:43  Hi-Sec Auto Tracking  
  192  15:53  Hellion  
  192  15:54  Hellion  
  196  15:58  Hellion  
  196  15:59  Hellion  
  191  16:16  Thor  
  191  16:18  Terran Vehicle And Ship Armor Level 1  
  197  16:29  Planetary Fortress, Missile Turret  
  197  16:30  Missile Turret  
  197  16:32  Liberator  
  164  16:45  Thor  
  164  16:46  Thor  
  161  16:48  Hellion x3  
  161  16:50  SCV x2  
  161  16:51  SCV  
  161  16:53  Liberator x2  
  176  16:54  Liberator  
  176  16:58  Hellion  
  176  17:00  SCV x2  
  187  17:17  Hellion x2  
  187  17:21  SCV  
  192  17:28  Hellion  
  192  17:29  Hellion  
  190  17:30  Liberator  
  190  17:34  SCV  
  188  17:37  Liberator x2  
  188  17:38  Liberator  
  194  17:59  Hellion x2  
  198  18:06  Armory  
  198  18:30  Nuke  
  198  18:33  Terran Vehicle And Ship Armor Level 2  
  198  18:35  Hellion  
  195  18:43  SCV x2  
  192  19:00  Siege Tank x2  
  192  19:01  Orbital Command, Hellion x2  
  192  19:02  Liberator  
  190  19:13  SCV  
  181  19:17  Orbital Command  
  181  19:18  Siege Tank  
  181  19:19  Liberator x2, Hellion x2  
  184  19:34  Siege Tank x2  
  184  19:35  Hellion x2  
  184  19:36  Caduceus Reactor  
  186  19:42  Medivac  
  186  19:44  Terran Ship Weapons Level 1  
  188  19:45  Nuke  
  188  19:49  SCV x2  
  185  20:01  Command Center  
  183  20:19  Hellion  
  183  20:20  Hellion x2  
  189  20:26  Siege Tank x2  
  189  20:27  Siege Tank  
  198  20:30  Hellion  
  198  20:35  Orbital Command  
  194  20:48  Orbital Command  
  190  20:59  Hellion x3  
  183  21:12  SCV  
  183  21:13  SCV, Terran Vehicle And Ship Armor Level 3  
  185  21:21  Hellion  
  181  21:47  Hellion  
  179  21:53  Hellion  
  163  22:01  Ghost x2  
  163  22:05  Ghost x2  
  135  22:12  SCV  
  135  22:13  SCV x2  
  135  22:14  SCV x4  
  142  22:22  Hellion x4  
  150  22:23  SCV  
  150  22:25  SCV  
  150  22:28  SCV x3  
  155  22:30  Ghost  
  155  22:35  Ghost x2  
  161  22:41  Ghost  
  161  22:42  Orbital Command  
  163  22:44  SCV  
  163  22:45  SCV  
  164  22:51  SCV  
  160  22:58  Ghost  
  160  23:01  SCV  
  160  23:02  Orbital Command  
  157  23:10  Ghost  
  157  23:11  Ghost x2  
  161  23:13  Hellion x3  
  161  23:14  Hellion  
  161  23:17  SCV  
  170  23:23  SCV  
  170  23:24  SCV  
  169  23:38  Ghost  
  169  23:39  SCV x3  
  174  23:41  Ghost  
  176  23:48  Refinery  
  176  23:50  Refinery  
  176  23:56  Ghost  
  168  24:06  Refinery  
  168  24:09  Refinery  
  168  24:20  Ghost  
  170  24:26  SCV  
  170  24:27  SCV  
  172  24:32  Hellion x5  
  172  24:37  SCV  
  171  25:11  Ghost  
  167  25:16  SCV  
  167  25:17  SCV  
  169  25:26  Thor x2  
  185  25:28  Hellion x2  
  183  25:43  SCV x2  
  183  25:45  Marauder x3  
  183  25:46  Marauder  
  191  25:54  SCV  
  170  25:59  SCV  
  170  26:00  SCV x2  
  144  26:04  Orbital Command  
  144  26:06  Marauder x2  
  144  26:07  SCV, Marauder  
  148  26:23  Marauder  
  144  26:26  SCV  
  144  26:28  Orbital Command  
  145  26:42  SCV  
  145  26:46  SCV x2  
  146  26:51  SCV  
  147  26:56  SCV  
  147  26:59  SCV x2  
  150  27:13  SCV x2  
  150  27:14  SCV  
  153  27:17  Refinery x2  
  153  27:22  SCV x2  
  155  27:24  SCV  
  155  27:26  SCV  
  157  27:32  SCV  
  157  27:36  Nuke  
  158  27:38  Hellion  
  160  27:50  SCV x2  
  159  28:08  Missile Turret  
  159  28:09  SCV  
  159  28:10  Thor  
  166  28:15  SCV  
  166  28:16  SCV x2, Missile Turret  
  169  28:25  Thor  
  172  28:34  SCV x2  
  172  28:36  SCV  
  172  28:40  Thor  
  181  28:46  Hellion  
  177  28:52  Hellion  
  177  28:54  Hellion  
  178  28:56  Hellion  
  178  29:09  Thor  
  182  29:22  Hellion x2  
  182  29:23  Liberator  
  189  29:29  Supply Depot  
  189  29:32  Supply Depot  
  189  29:51  Liberator  
  170  30:11  Hellion